 Dungeon Crawl Stone Soup version 0.30.1-3-gfc49f6343a (webtiles) character file.

Game seed: 4465187410945690070

765 spardeous the Digger (level 7, -4/41 HPs)
             Began as an Octopode Earth Elementalist on Aug 8, 2023.
             Was an Initiate of Gozag.
             Slain by a gnoll
             ... wielding a +0 spear
             ... led by a gnoll bouda
              (9 damage)
             ... on level 5 of the Dungeon.
             The game lasted 00:07:21 (4869 turns).

spardeous the Digger (Octopode Earth Elementalist)  Turns: 4869, Time: 00:07:21

Health: -4/41      AC:  1    Str:  7    XL:     7   Next: 81%
Magic:  2/10       EV: 13    Int: 22    God:    Gozag
Gold:   178        SH:  0    Dex: 13    Spells: 6/10 levels left

rFire   . . .        w - +4 whip of the Supporting Gods {venom, Int+3 SInv}
rCold   . . .        (no shield)
rNeg    . . .        (helmet restricted)
rPois   .            (no amulet)
rElec   .            (no ring)
rCorr   .            (no ring)
SInv    +            (no ring)
Will    .....        (no ring)
Stlth   +++          (no ring)
HPRegen 0.26/turn    (no ring)
MPRegen 0.12/turn    (no ring)
                     (no ring)

%: no passive effects
@: about to teleport
A: almost no armour, amphibious, 8 rings, camouflage 1, gelatinous body 1,
(nimble swimmer 1), tentacles
a: Renounce Religion, Potion Petition, Call Merchant, Bribe Branch


You were on level 5 of the Dungeon.
You worshipped Gozag.
Gozag was aware of your devotion.
You visited 2 branches of the dungeon, and saw 6 of its levels.

You collected 265 gold pieces.
You paid 87 gold pieces to Gozag.

Inventory:

Hand Weapons
 k - a +1 hand axe of freezing
 w - the +4 whip of the Supporting Gods (weapon) {venom, Int+3 SInv}
   (You took it off an orc on level 4 of the Dungeon)

   Int:       It affects your intelligence (+3).
   SInv:      It lets you see invisible.
Armour
 x - a +0 pair of gloves
Jewellery
 y - a ring of flight
Wands
 q - a wand of acid (10)
Scrolls
 b - a scroll of teleportation
 c - a scroll of immolation
 e - 2 scrolls of magic mapping
 f - a scroll of fear {unknown}
 i - 2 scrolls of enchant armour {unknown}
 j - 2 scrolls of amnesia {unknown}
 l - 2 scrolls of enchant weapon {unknown}
 m - 3 scrolls of identify {unknown}
 u - 3 scrolls of blinking {unknown}
Potions
 a - a potion of magic
 d - 2 potions of heal wounds {unknown}
 g - a potion of attraction {unknown}
 h - a potion of ambrosia {unknown}
 n - 2 potions of mutation {unknown}
 o - a potion of curing {unknown}
 p - a potion of flight {unknown}
 r - a potion of degeneration {unknown}
 s - a potion of might {unknown}
 t - a potion of haste {unknown}
 v - a potion of brilliance {unknown}


   Skills:
 - Level 2.0 Dodging
 - Level 2.6 Stealth
 - Level 2.0 Spellcasting
 + Level 4.1 Conjurations
 - Level 1.0 Transmutations
 - Level 7.8 Earth Magic


You had 6 spell levels left.
You knew the following spells:

 Your Spells              Type           Power      Damage    Failure   Level
a - Sandblast             Erth           72%        2d16      1%          1
b - Stone Arrow           Conj/Erth      56%        3d10      3%          3

Your spell library contained the following spells:

 Spells                   Type           Power      Damage    Failure   Level
 Passwall                 Tmut/Erth      17%        N/A       3%          2
 Necrotise                Necr           8%         1d4       14%         1
 Wereblood                Tmut           6%         N/A       14%         2
 Dazzling Flash           Conj/Hex       22%        N/A       19%         3
 Sublimation of Blood     Necr           2%         N/A       21%         2
 Petrify                  Tmut/Erth      21%        N/A       22%         4
 Vampiric Draining        Necr           2%         2d6       38%         3
 Agony                    Necr           2%         N/A       98%         5
 Silence                  Hex/Air        1%         N/A       98%         5
 Summon Hydra             Summ           1%         N/A       100%        7


Dungeon Overview and Level Annotations

Branches:
Dungeon (5/15)             Temple (1/1) D:5

Altars:
Ashenzari
Cheibriados
Dithmenos
Fedhas
Gozag
Hepliaklqana
Kikubaaqudgha
Makhleb
Nemelex Xobeh
Okawaru
Qazlal
Sif Muna
Trog
Uskayaw
Vehumet
Wu Jian
Xom
Yredelemnul
Zin


Innate Abilities, Weirdness & Mutations

You cannot wear most types of armour.
You are amphibious.
You can wear up to eight rings at the same time.
Your skin changes colour to match your surroundings (Stealth+).
Your rubbery body absorbs attacks. (AC +1, EV +1)
((You are camouflaged when in or above water. (Stealth+)))
You have tentacles for arms and can constrict up to eight enemies at once.


Message History

The gnoll bouda barks out a call to the hunt!
You hear a shout!
Casting: Sandblast (safe; 1% risk of failure)
Confirm with . or Enter, or press ? or * to list all spells.
Aiming: Sandblast (safe; 1% risk of failure)
Press: ? - help, Shift-Dir - straight line, f/p - gnoll bouda
Aim: a gnoll bouda, wielding a +0 whip and wearing a +0 robe (86% to hit)
The blast of sand hits the gnoll bouda.
The gnoll bouda is lightly wounded.
The orc wizard completely misses you.
You now have 1/10 mp.
As you read the scroll labelled MOITAUTHOAFID, it crumbles to dust.
You feel aware of your surroundings.
You sensed 1 shop/portal.
It was a scroll of magic mapping.
The orc wizard closely misses you.
As you read the scroll labelled EHESA PAETYSY, it crumbles to dust.
The creatures around you are filled with an inner flame!
It was a scroll of immolation.
The orc wizard points at you and mumbles some strange words.
You resist with some effort.
The gnoll bouda attacks as you move away!
The gnoll bouda misses you. The orc wizard closely misses you.
The orc completely misses you.
The orc wizard attacks as you move away!
The orc wizard misses you. The orc closely misses you.
The orc wizard casts a spell at you. The magic dart hits you!
* * * LOW HITPOINT WARNING * * *
You take 6 damage, and have 7/41 hp.
The orc attacks as you move away! The orc hits you with a +0 dagger.
* * * LOW HITPOINT WARNING * * *
You take 2 damage, and have 5/41 hp.
As you read the scroll labelled GYAFUR INEIDY, it crumbles to dust.
You feel strangely unstable.
It was a scroll of teleportation.
The gnoll barely misses you. The gnoll attacks as you move away!
The gnoll misses you.
The orc wizard mumbles some strange words.
The orc wizard flickers and vanishes for a moment.
The gnoll hits you from afar with a +0 spear!
You die...
Your body crumbles into a pile of gold.

#.........#)#...#
###.........#.#...#
#<').....†.)'.....##########
****###.........#.##............
*,,.....................########
*,*##############...###.#**,,,,,
*,* *<....>.......'...., *,*
**#.......#####...., *,*
#@......###**,,.., *,*
#g............,,,, *,*
#.g............,,, *,*
#og............,,, *,*
#o.............,,, *,*
#g............,,,, *,*
####.............,,,, *,*
#............#*****,, *,*
#.....#...<..# *,,


You could see a gnoll bouda (inner flame), an orc wizard (inner flame,
invisible), 3 gnolls and an orc (inner flame).

Vanquished Creatures
  Sigmund (D:3)
  A black bear (D:5)
  A centaur (D:5)
  A scorpion (D:5)
  A hound (D:5)
  2 jellies (D:4)
  3 iguanas (D:5)
  3 orc wizards
  3 adders
  A white imp (D:5)
  4 worms
  4 dart slugs
  16 orcs
  10 ball pythons
  2 bats
  4 endoplasms
  4 giant cockroaches (D:2)
  6 goblins
  9 hobgoblins
  4 jackals (D:5)
  2 quokkas (D:2)
  2 frilled lizards
  6 kobolds
  3 rats
  A spectral orc (D:5)
94 creatures vanquished.

Notes
Turn   | Place    | Note
-------+----------+-------------------------------------------
     0 | D:1      | spardeous the Octopode Earth Elementalist began the quest
                  | for the Orb.
     0 | D:1      | Reached XP level 1. HP: 11/11 MP: 3/3
   263 | D:1      | Reached XP level 2. HP: 11/17 MP: 0/5
  1141 | D:2      | Reached skill level 4 in Earth Magic
  1265 | D:2      | Reached XP level 3. HP: 21/21 MP: 4/6
  1310 | D:2      | Found a faded altar of an unknown god.
  1453 | D:2      | Reached XP level 4. HP: 27/27 MP: 4/7
  1572 | D:2      | Learned a level 3 spell: Stone Arrow
  1653 | D:2      | Reached skill level 5 in Earth Magic
  2482 | D:3      | Noticed Sigmund
  3026 | D:3      | Reached XP level 5. HP: 31/31 MP: 6/8
  3130 | D:3      | Found an ornate altar of the Wu Jian Council.
  3132 | D:3      | Found a shadowy altar of Dithmenos.
  3384 | D:3      | Killed Sigmund
  3385 | D:3      | Reached skill level 6 in Earth Magic
  3385 | D:3      | Reached XP level 6. HP: 11/36 MP: 2/9
  3545 | D:4      | Reached skill level 7 in Earth Magic
  3719 | D:4      | Identified the +4 whip of the Supporting Gods {venom, Int+3
                  | SInv}
  4364 | D:5      | Entered Level 5 of the Dungeon
  4392 | D:5      | Reached XP level 7. HP: 41/41 MP: 6/10
  4671 | D:5      | Found a staircase to the Ecumenical Temple.
  4689 | Temple   | Entered the Ecumenical Temple
  4729 | Temple   | Became a worshipper of Gozag Ym Sagoz the Greedy
  4763 | D:5      | Found a basalt altar of Yredelemnul.
  4869 | D:5      | Slain by a gnoll

Illustrated notes

Levels and vault maps discovered:
D:1:      roderic_dead_forest, layout_basic
D:2:      minmay_chambers_of_twos, layout_basic,
          hellmonk_ecumenical_altar_pennies_from_heaven,
          minmay_tree_intersection
D:3:      layout_basic, nicolae_overflow_squiral, amcnicky_mini_pool_small,
          minivault_19, kennysheep_generic_room_7, uniq_sigmund
D:4:      layout_basic
D:5:      layout_basic, yredelemnul_forgotten_temple_becter,
          minmay_temple_entry_mini_moons, gup_sewer_entry_glass
Temple:   nicolae_temple_x_marks_the_god

Skill      XL: |  1  2  3  4  5  6  7 |
---------------+----------------------+-----
Earth Magic    | 4 5 6 7 |  7.8
Conjurations   | 4 |  4.1
Dodging        | |  2.0
Stealth        | |  2.6
Spellcasting   | |  2.0
Transmutations | |  1.0

Action                     |  1- 3 |  4- 6 |  7- 9 || total
---------------------------+-------+-------+-------++-------
  Melee: Unarmed           |     4 |       |       ||     4
         Constrict         |     2 |       |       ||     2
         Tentacles         |     2 |       |       ||     2
         Hand axe          |     1 |       |       ||     1
   Cast: Sandblast         |    37 |    73 |    37 ||   147
    Use: Scroll            |       |       |     3 ||     3
 Armour: Skin              |     3 |     2 |     3 ||     8
  Dodge: Dodged            |     5 |     7 |    20 ||    32
